 Dungeon Crawl Stone Soup version 0.23.2-33-g5129a83184 (webtiles) character file.

Game seed: 17082389743645640338

15122 Turist the Fighter (level 11, -25/105 HPs)
             Began as a Black Draconian Fighter on July 4, 2019.
             Was an Elder of Okawaru.
             Annihilated by a skeletal warrior
             ... wielding a +0 war axe
             ... led by a skeletal warrior
              (27 damage)
             ... on level 11 of the Dungeon.
             The game lasted 01:14:12 (21408 turns).

Turist the Fighter (Black Draconian Fighter)       Turns: 21408, Time: 01:14:13

Health: -25/105    AC: 10    Str: 20      XL:     11   Next: 97%
Magic:  11/11      EV: 22    Int:  8      God:    Okawaru [****..]
Gold:   640        SH:  0    Dex: 12 (13) Spells: 10/10 levels left

rFire    . . .     SeeInvis .   M - +2 battleaxe
rCold    . . .     Gourm    .   (shield currently unavailable)
rNeg     . . .     Faith    .   (armour unavailable)
rPois    .         Spirit   .   (helmet restricted)
rElec    +         Reflect  .   K - scarf {repulsion}
rCorr    .         Harm     .   g - +0 pair of gloves
MR       .....                  v - +1 pair of boots
Stlth    +.........             (no amulet)
HPRegen  0.27/turn              C - ring of wizardry
MPRegen  0.12/turn              p - +4 ring of evasion

@: berserk cooldown, very slightly contaminated, slowed, invisible, repel
missiles, very slow
A: breathe lightning, unfitting armour, electricity resistance, cold-blooded, AC
+7
a: Breathe Lightning, Heroism, Renounce Religion


You were on level 11 of the Dungeon.
You worshipped Okawaru.
Okawaru was greatly pleased with you.
You were not hungry.

You visited 3 branches of the dungeon, and saw 15 of its levels.

You collected 640 gold pieces.

Inventory:

Hand Weapons
 M - a +2 battleaxe (weapon)
Missiles
 L - 2 throwing nets (quivered)
Armour
 g - a +0 pair of gloves (worn)
 v - a +1 pair of boots (worn)
 K - a scarf of repulsion (worn)
Jewellery
 a - a +2 ring of evasion
 p - a +4 ring of evasion (right hand)
 q - an uncursed ring of positive energy
 t - an uncursed ring of fire
 C - a ring of wizardry (left hand)
 I - an uncursed ring of flight
 P - an uncursed ring of protection from fire {unknown}
Wands
 s - a wand of random effects (47)
 u - a wand of scattershot (5)
 y - a wand of polymorph (10)
 E - a wand of digging (9)
 F - a wand of flame (9)
 J - a wand of clouds (2)
 Q - a wand of paralysis (3)
Scrolls
 b - 2 scrolls of amnesia
 f - 7 scrolls of enchant weapon
 l - 4 scrolls of remove curse
 n - 9 scrolls of teleportation
 o - a scroll of noise
 z - 4 scrolls of identify
 A - 2 scrolls of immolation
 O - a scroll of enchant armour
Potions
 c - 2 potions of might
 e - 3 potions of berserk rage
 i - a potion of cancellation
 j - 4 potions of curing
 r - 2 potions of agility
 w - a potion of brilliance
 x - a potion of haste
 D - a potion of lignification {unknown}
 G - a potion of flight {unknown}
 H - 2 potions of ambrosia
 N - a potion of magic {unknown}
Comestibles
 d - 16 rations


   Skills:
 + Level 12.5 Fighting
 + Level 11.4 Axes
 + Level 10.7 Dodging
   Level 3.0 Shields


You had 10 spell levels left.
You didn't know any spells.
Your spell library contained the following spells:

 Spells                   Type           Power        Failure   Level  Hunger
 Summon Small Mammal      Summ           #...         17%         1    ##.....
 Call Imp                 Summ           #.......     26%         2    ###....
 Call Canine Familiar     Summ           #.......     45%         3    ####...
 Summon Guardian Golem    Hex/Summ       #.......     45%         3    ####...
 Summon Ice Beast         Ice/Summ       #.......     83%         4    #####..
 Summon Lightning Spire   Summ/Air       #.......     83%         4    #####..


Dungeon Overview and Level Annotations

Branches:
Dungeon (11/15)            Temple (1/1) D:7            Lair (3/6) D:8
  Swamp (0/4) Lair:2
  Snake: Lair:2-4    Spider: Lair:2-4       Orc: D:9-12

Altars:
Ashenzari
Cheibriados
Dithmenos
Elyvilon
Fedhas
Gozag
Hepliaklqana
Kikubaaqudgha
Makhleb
Nemelex Xobeh
Okawaru
Qazlal
Ru
Sif Muna
Trog
Uskayaw
Vehumet
Wu Jian
Xom
Yredelemnul
Zin
The Shining One

Shops:
D:5 *([   D:6 %   D:8 =(   D:9 %

Annotations:
D:2 exclusion: downstairs
D:10 4 runed translucent doors
Lair:3 exclusion: 4 oklob plants


Innate Abilities, Weirdness & Mutations

You can breathe wild blasts of lightning.
Your glossy black scales are hard. (AC +7)
You cannot fit into any form of body armour.
You are resistant to electric shocks. (rElec)
You are cold-blooded and may be slowed by cold attacks.


Message History

You feel your anger nearly subside.
You are no longer berserk.
You are exhausted.
You feel yourself slow down.
You flicker back into view.
The skeletal warrior hits you with a +0 war axe!
* * * LOW HITPOINT WARNING * * *
Okay, then.
Okay, then.
Okay, then.
Evoke which item? (* to show all) (? for menu, Esc to quit)
Aiming: Polymorph
Press: ? - help, Shift-Dir - straight line, f - skeletal warrior
Aim: a skeletal warrior, wielding a +0 war axe (moderately damaged, not susceptible)
Okay, then.
Unknown command.
Evoke which item? (* to show all) (? for menu, Esc to quit)
Okay, then.
You fade into invisibility!
The skeletal warrior hits you with a +0 war axe!!
You die...

################## #####
................^# #...#
.................# #..<####
....########....@###......#
....# #....z.........#######
....# ##....................
....# #.................###
....# #.................#
....#########.................#
..............................#
....###########...............#
....#........ #....########.###


You could see a skeletal warrior.

Vanquished Creatures
  Harold (D:8)
  A hydra (Lair:2)
  A black mamba (Lair:2)
  3 spiny frogs (Lair:1)
  A komodo dragon (D:9)
  2 trolls
  A blink frog (Lair:3)
  4 hippogriffs
  A spriggan (D:7)
  16 yaks
  Grum (D:9)
  A wyvern (D:9)
  3 swamp worms (Lair:2)
  A water moccasin (Lair:3)
  Duvessa (D:4)
  3 orc warriors
  2 eyes of draining (D:10)
  3 porcupines
  2 phantoms (D:10)
  3 black bears
  2 ice beasts
  A sky beast (D:9)
  2 ogres
  A necrophage (D:9)
  8 centaurs
  16 wolves
  4 crocodiles
  3 big kobolds
  Blork the orc (D:6)
  10 bullfrogs
  A gnoll sergeant (D:11)
  Dowan (D:4)
  A scorpion (D:9)
  4 killer bees (D:8)
  8 wights
  2 vampire bats (D:8)
  4 howler monkeys
  6 crimson imps
  3 bullfrog zombies
  2 jellies
  A quasit (D:5)
  A centaur skeleton (D:7)
  12 orc wizards
  4 hounds
  Crazy Yiuf (D:5)
  5 orc priests
  2 bullfrog skeletons
  17 worker ants
  An iguana (D:6)
  A hound skeleton (D:7)
  16 adders
  13 gnolls
  A hound simulacrum (D:10)
  4 shadow imps
  An ooze (D:5)
  An adder zombie (D:6)
  2 adder skeletons
  A worm (D:6)
  2 dart slugs (D:1)
  6 leopard geckos
  31 orcs
  17 bats
  9 giant cockroaches
  10 goblins
  7 hobgoblins
  7 jackals
  6 quokkas
  2 ball pythons
  7 frilled lizards
  29 kobolds
  3 leopard gecko skeletons
  7 rats
  A fungus (Lair:2)
359 creatures vanquished.

Vanquished Creatures (others)
  6 fungi
  4 plants
10 creatures vanquished.

Grand Total: 369 creatures vanquished

Notes
Turn   | Place    | Note
-------+----------+-------------------------------------------
     0 | D:1      | Turist the Draconian Fighter began the quest for the Orb.
     0 | D:1      | Reached XP level 1. HP: 19/19 MP: 1/1
   717 | D:1      | Reached XP level 2. HP: 25/26 MP: 2/2
  1035 | D:1      | Reached XP level 3. HP: 31/33 MP: 3/3
  1495 | D:2      | Reached skill level 4 in Fighting
  1726 | D:2      | Reached XP level 4. HP: 38/40 MP: 4/4
  2299 | D:2      | Found a glowing silver altar of Zin.
  2304 | D:2      | Found a hazy altar of Hepliaklqana.
  2305 | D:2      | Found a hide-covered altar of Uskayaw.
  2305 | D:2      | Found a bloodstained altar of Trog.
  2305 | D:2      | Found a sparkling altar of Nemelex Xobeh.
  2305 | D:2      | Found a white marble altar of Elyvilon.
  2308 | D:2      | Found a blossoming altar of Fedhas.
  2310 | D:2      | Found a radiant altar of Vehumet.
  2926 | D:3      | Reached XP level 5. HP: 45/47 MP: 5/5
  2939 | D:3      | Found an opulent altar of Gozag.
  2963 | D:3      | Found a snail-covered altar of Cheibriados.
  3241 | D:3      | Found a basalt altar of Yredelemnul.
  3889 | D:4      | Noticed Duvessa
  3890 | D:4      | Noticed Dowan
  3988 | D:4      | Found the +8 autumn katana {slice, Clar}
  4075 | D:4      | Reached skill level 5 in Fighting
  4435 | D:5      | Entered Level 5 of the Dungeon
  4470 | D:4      | Reached XP level 6. HP: 34/56 MP: 6/6
  5056 | D:5      | Found Felyos's Assorted Antiques.
  5078 | D:5      | Found Kiso's Antique Armour Shop.
  5133 | D:5      | Found a runed translucent door.
  5134 | D:5      | Noticed Crazy Yiuf
  5292 | D:5      | Your scales start taking on a glossy black colour.
  5292 | D:5      | Reached XP level 7. HP: 55/62 MP: 7/7
  5292 | D:5      | Gained mutation: You are resistant to electric shocks.
                  | (rElec) [Black Draconian growth]
  5510 | D:5      | Found Zosigh's Weapon Emporium.
  5908 | D:6      | Reached skill level 6 in Fighting
  5923 | D:6      | Noticed Blork the orc
  5987 | D:6      | Killed Blork the orc
  5987 | D:6      | Reached skill level 5 in Axes
  5987 | D:6      | Reached skill level 5 in Dodging
  6798 | D:6      | Reached XP level 8. HP: 37/71 MP: 8/8
  7268 | D:6      | Found Veasing's Food Shoppe.
  7564 | D:7      | Found a staircase to the Ecumenical Temple.
  7572 | Temple   | Entered the Ecumenical Temple
  7654 | Temple   | Became a worshipper of Warmaster Okawaru
  7699 | D:7      | Reached skill level 7 in Fighting
  7916 | D:7      | Found a stormy altar of Qazlal.
  8640 | D:8      | Reached * piety under Okawaru
  8653 | D:8      | Reached skill level 8 in Fighting
  8670 | D:8      | Found Viaxos's Antique Weapon Shoppe.
  9004 | D:8      | Found Iddennol's Jewellery Shop.
  9043 | D:8      | Reached XP level 9. HP: 49/81 MP: 9/9
  9330 | D:8      | Reached ** piety under Okawaru
  9360 | D:8      | Noticed Harold
  9954 | D:6      | Reached skill level 9 in Fighting
 10447 | D:5      | Killed Crazy Yiuf
 10816 | D:4      | Killed Duvessa
 10820 | D:4      | Killed Dowan
 11192 | D:8      | Killed Harold
 11192 | D:8      | Reached *** piety under Okawaru
 11192 | D:8      | Reached XP level 10. HP: 81/92 MP: 10/10
 11267 | D:8      | Found a staircase to the Lair.
 11599 | D:9      | Noticed Grum
 11640 | Lair:1   | Entered Level 1 of the Lair of Beasts
 11648 | Lair:1   | Noticed a spiny frog
 11668 | Lair:1   | Killed a spiny frog
 11901 | D:8      | Reached **** piety under Okawaru
 11901 | D:8      | Reached skill level 10 in Fighting
 12461 | D:9      | Found Filulogy's Food Boutique.
 12762 | D:9      | Killed Grum
 12993 | D:9      | Noticed a two-headed ogre
 13330 | D:9      | a two-headed ogre changed into a komodo dragon
 13973 | D:10     | Entered Level 10 of the Dungeon
 13973 | D:10     | Found a large runed translucent door.
 13973 | D:10     | Found a large runed translucent door.
 13977 | D:10     | Found a large runed translucent door.
 13977 | D:10     | Found a large runed translucent door.
 13978 | D:10     | Noticed a fire dragon
 14072 | D:10     | Reached ***** piety under Okawaru
 14619 | D:10     | Reached skill level 11 in Fighting
 14705 | D:10     | Received a gift from Okawaru
 15036 | D:10     | Reached skill level 10 in Axes
 15274 | D:10     | Reached XP level 11. HP: 101/102 MP: 0/11
 15567 | D:11     | Noticed a skeletal warrior
 15570 | D:11     | Noticed a skeletal warrior
 16806 | D:11     | Got a brightly glowing hunting sling
 16916 | D:11     | Noticed a skeletal warrior
 18420 | Lair:2   | Found a gate leading to a gauntlet.
 18435 | Lair:2   | Noticed a four-headed hydra
 18444 | Lair:2   | Reached skill level 10 in Dodging
 19085 | Lair:2   | Reached skill level 12 in Fighting
 19615 | Lair:2   | Killed a four-headed hydra
 20234 | Lair:2   | Found a staircase to the Swamp.
 20494 | Lair:3   | Noticed an oklob plant
 20494 | Lair:3   | Noticed an oklob plant
 20494 | Lair:3   | Noticed an oklob plant
 20494 | Lair:3   | Noticed an oklob plant
 20684 | Lair:2   | HP: 4/105 [poisoned by a ghost moth]
 21044 | Lair:1   | Identified the +8 hunting sling of the Absolute Madman
                  | {speed, rN+} (You found it on level 11 of the Dungeon)
 21407 | D:11     | HP: 1/105 [skeletal warrior/+0 war axe[a skeletal warrior]
                  | (14)]
 21408 | D:11     | Annihilated by a skeletal warrior

Skill      XL: |  1  2  3  4  5  6  7  8  9 10 11 |
---------------+----------------------------------+-----
Dodging        | 3 4 5 6 8 9 10 | 10.7
Fighting       | 4 5 6 8 9 11 12 | 12.5
Axes           | 3 4 5 7 8 10 11 | 11.4
Shields        | |  3.0

Action                   |  1- 3 |  4- 6 |  7- 9 | 10-12 || total
-------------------------+-------+-------+-------+-------++-------
Melee: War axe           |   152 |   268 |   479 |   258 ||  1157
       Tailslap          |    13 |    19 |    62 |    95 ||   189
       Battleaxe         |       |       |       |   385 ||   385
Invok: Heroism           |       |       |       |     1 ||     1
 Abil: Breathe Lightning |       |       |     3 |     1 ||     4
Evoke: Wand              |       |       |     4 |    19 ||    23
  Use: Scroll            |       |     5 |       |    21 ||    26
       Potion            |       |       |     6 |     8 ||    14
 Stab: Sleeping          |     2 |     1 |     1 |     1 ||     5
       Distracted        |       |       |       |     1 ||     1
  Eat: Chunk             |     2 |    11 |    15 |    17 ||    45
       Ration            |       |       |     2 |     5 ||     7
Armor: Skin              |    61 |    63 |   221 |   129 ||   474
Dodge: Dodged            |    69 |   133 |   333 |   657 ||  1192
       Deflected         |       |       |       |     7 ||     7
Block: Shield            |    97 |   152 |   291 |   158 ||   698
